[Event "Team 45 45 League T29"]
[Site "Internet Chess Club"]
[Date "2006.01.31"]
[Round "6"]
[White "e4ia"]
[Black "Pawndemonium"]
[Result "0-1"]
[WhiteElo "1533"]
[BlackElo "1524"]
[TimeControl "2700+45"]

1. g3 c6 2. Bg2 d5 3. Nf3 Nf6 4. O-O Bg4 5. Ne5 Bh5 6. b3 Nbd7 7. Bb2 Qc7 8. f4
e6 9. Qe1 Bd6 10. d4 O-O-O 11. Nd2 Ng4 12. e4 dxe4 13. Nxe4 f6 14. Nxg4 Bxg4 15.
c4 h5 16. Qe3 h4 17. h3 Bf5 18. g4 Bg6 19. d5 Bxe4 20. Qxe4 exd5 21. cxd5 c5 22.
b4 Rde8 23. Qf3 cxb4 24. Bd4 Kb8 25. Rac1 Qa5 26. a4 Rc8 27. Qe3 Rxc1 28. Rxc1
Rc8 29. Rxc8+ Kxc8 30. Qe8+ Kc7 31. f5 b3 32. Qe2 Qxa4 33. Bb2 a5 34. Bf1 Nc5
35. Qd1 Qf4 36. Bg2 Qe3+ 37. Kh1 Nd3 {White resigns} 0-1  aics%

[Event "Team 45 45 League T29"]
[Site "Internet Chess Club"]
[Date "2006.01.31"]
[Round "6"]
[White "softpawn"]
[Black "tammany"]
[Result "1-0"]
[WhiteElo "1529"]
[BlackElo "1567"]
[TimeControl "2700+45"]

1. e4 c5 2. Nf3 g6 3. Bd3 Bg7 4. c3 a6 5. Bc2 d5 6. exd5 Qxd5 7. d4 cxd4 8. cxd4
Nf6 9. O-O O-O 10. h3 b5 11. Nc3 Qd6 12. Re1 Bb7 13. Bg5 Re8 14. Bxf6 Qxf6 15.
Ne5 Qg5 16. Ne4 Bxe4 17. Bxe4 Ra7 18. Qb3 e6 19. Rac1 Bxe5 20. dxe5 Rd8 21. Qc3
Qe7 22. Rc2 Rad7 23. g3 Kg7 24. Kh2 Qg5 25. f4 Qe7 26. Qe3 Qb4 27. a3 Qd4 28.
Qb3 Qb6 29. Qf3 Rd2+ 30. Re2 Rd1 31. Qg2 Qd4 32. g4 Nd7 33. Rcd2 Rxd2 34. Rxd2
Qb6 35. Rd6 Qe3 36. Qf3 Qxf3 37. Bxf3 Kf8 38. Rxa6 Nc5 39. Rb6 Nd3 40. Rxb5 Nxf4
41. Kg3 g5 42. a4 Rd3 43. h4 h6 44. h5 Ne2+ 45. Kf2 Nd4 46. Be4 Rh3 47. Rb6 Nb3
48. Bf3 Nd4 49. Be4 Rh2+ 50. Ke3 Nc2+ 51. Bxc2 Rxc2 52. a5 Rc4 53. a6 Kg7 54. a7
Ra4 55. Rb7 Ra5 56. Kd4 Rd5+ 57. Ke4 Ra5 58. b4 Ra4 59. Kd4 Ra6 60. Kc5 Ra4 61.
b5 Ra5 62. Kb6 Ra4 63. Rb8 f6 64. exf6+ Kxf6 65. a8=Q Rxa8 66. Rxa8 e5 67. Re8
Kf7 68. Rxe5 Kf6 69. Re1 {Black resigns} 1-0  aics%

[Event "Team 45 45 League T29"]
[Site "Internet Chess Club"]
[Date "2006.01.29"]
[Round "6"]
[White "dougmo"]
[Black "Bookkeeper"]
[Result "0-1"]
[WhiteElo "1528"]
[BlackElo "1478"]
[TimeControl "2700+45"]

1. e4 c5 2. d4 cxd4 3. c3 dxc3 4. Nxc3 g6 5. Nf3 Bg7 6. Bc4 d6 7. O-O Nc6 8. h3
Nf6 9. Qe2 O-O 10. Rd1 Qb6 11. Be3 Qa5 12. Rac1 Bd7 13. Qd2 Rac8 14. Bb3 b5 15.
Bc2 b4 16. Nd5 Nxd5 17. exd5 Ne5 18. Nxe5 Bxe5 19. Bb3 Rxc1 20. Rxc1 Rc8 21.
Rxc8+ Bxc8 22. Qc2 Bf5 23. Qc6 Qd8 24. Bxa7 Bxb2 25. Bb6 Qc8 26. Qxc8+ Bxc8 27.
Bd8 Kf8 28. Ba5 Ba3 29. Kf1 Ba6+ 30. Ke1 Kg7 31. Kd2 Bf1 32. g3 Bxh3 33. Ke3 Bf5
34. Kf4 Kf6 35. g4 g5+ 36. Kf3 Bg6 37. Ke3 h5 38. gxh5 Bxh5 39. Kd4 Be2 40. Bc4
Bb2+ {White resigns} 0-1  aics%

[Event "Team 45 45 League T29"]
[Site "Internet Chess Club"]
[Date "2006.01.30"]
[Round "6"]
[White "G11825"]
[Black "jientho"]
[Result "0-1"]
[WhiteElo "1310"]
[BlackElo "1480"]
[TimeControl "2700+45"]

1. e4 e5 2. Nf3 Nf6 3. Nc3 Bb4 4. Bc4 O-O 5. O-O d6 6. d4 Bxc3 7. bxc3 Nxe4 8.
Qd3 Nf6 9. Ba3 e4 10. Qe3 exf3 11. Qxf3 c6 12. Rab1 b5 13. Bb3 Be6 14. Rfe1 Re8
15. Qf4 Bxb3 16. cxb3 d5 17. Bd6 Nbd7 18. c4 bxc4 19. bxc4 Rxe1+ 20. Rxe1 dxc4
21. Re7 Nb6 22. Qf5 Qxd6 23. Rb7 Qxd4 24. Qf3 Qa1+ 25. Qd1 Qxd1# {White
checkmated} 0-1  aics%

[Event "Team 45 45 League T29"]
[Site "Internet Chess Club"]
[Date "2006.01.29"]
[Round "6"]
[White "Knight-Rookie"]
[Black "PaleMorningDun"]
[Result "0-1"]
[WhiteElo "1359"]
[BlackElo "1322"]
[TimeControl "2700+45"]

1. e4 d5 2. exd5 Nf6 3. d4 Bg4 4. f3 Bf5 5. c4 c6 6. Bd3 Bxd3 7. Qxd3 cxd5 8. c5
Nc6 9. Ne2 e6 10. O-O b6 11. Be3 bxc5 12. dxc5 Rb8 13. b3 Nd7 14. Qc3 Be7 15.
Qxg7 Bf6 16. Qg4 Bxa1 17. Nf4 Qe7 18. Nd2 Bb2 19. Re1 Nxc5 20. Bf2 Bd4 21. Bxd4
Nxd4 22. Nxd5 Qd6 23. Qxd4 Kd7 24. Nc4 Qxd5 25. Ne5+ Ke7 26. Qh4+ f6 27. Ng4 Qg5
28. Qf2 Nd3 29. Qxa7+ Kd6 30. Qa6+ Kd7 31. Qxe6+ Kc7 32. Qc4+ Qc5+ 33. Qxc5+
Nxc5 34. Nxf6 Ra8 35. Re2 Ra6 36. Nd5+ Kc6 37. Nb4+ Kb5 38. Nxa6 Kxa6 39. g4 Kb5
40. Kf2 Kb4 41. Kg3 Rf8 42. h4 Kc3 43. g5 Kd3 44. Rh2 Ke3 45. Rf2 Ne4+ 46. fxe4
Rxf2 47. e5 Rxa2 48. Kg4 Ke4 49. e6 Ra8 50. Kh5 Re8 51. Kh6 Rxe6+ 52. Kxh7 Kf5
53. b4 Kg4 54. g6 Kh5 55. g7 Rh6+ 56. Kg8 Kg6 57. b5 Rh7 58. h5+ Rxh5 59. Kf8
Rf5+ 60. Kg8 Rf7 61. b6 Rxg7+ 62. Kf8 Rb7 63. Ke8 Rxb6 64. Ke7 Kf5 65. Kd7 Ke5
66. Kc7 Rg6 67. Kd7 Rd6+ 68. Ke7 Ra6 69. Kd7 Rh6 70. Ke7 Rh7+ 71. Kf8 Kf6 72.
Ke8 Ra7 73. Kd8 Ke6 74. Kc8 Kd6 75. Kb8 Rh7 76. Kc8 Rg7 77. Kb8 Kc6 78. Ka8 Kb6
79. Kb8 Rg8# {White checkmated} 0-1  aics%

[Event "Team 45 45 League T29"]
[Site "Internet Chess Club"]
[Date "2006.01.29"]
[Round "6"]
[White "Mutaant"]
[Black "slakkjaw"]
[Result "1-0"]
[WhiteElo "1350"]
[BlackElo "1192"]
[TimeControl "2700+45"]

1. e4 e5 2. Nf3 Nc6 3. Bb5 Bc5 4. d3 h6 5. O-O Nge7 6. Nc3 a6 7. Ba4 O-O 8. a3
b5 9. Bb3 Bb7 10. Nd5 Ng6 11. Be3 Bxe3 12. Nxe3 Nce7 13. Qd2 d5 14. exd5 Nxd5
15. Rfe1 Ndf4 16. Qd1 Nh4 17. Nxh4 Qxh4 18. f3 Rad8 19. g3 Nh3+ 20. Kg2 e4 21.
gxh4 Nf4+ 22. Kg3 Nh5+ 23. Kf2 exf3 24. Qd2 c5 25. Qc3 Nf6 26. Qxc5 Be4 27. Qb6
Bxd3 28. Rg1 Be2 29. Qxf6 g6 30. Rxg6+ Kh7 31. Qg7# {Black checkmated} 1-0 
aics%

[Event "Team 45 45 League T29"]
[Site "Internet Chess Club"]
[Date "2006.01.30"]
[Round "6"]
[White "wellfred"]
[Black "Leftorium"]
[Result "1-0"]
[WhiteElo "1180"]
[BlackElo "1258"]
[TimeControl "2700+45"]

1. e4 e5 2. Nf3 Nc6 3. d4 Bd6 4. d5 Nb4 5. a3 Na6 6. Bxa6 bxa6 7. Be3 Nf6 8. Nc3
O-O 9. h3 Bb7 10. O-O c6 11. dxc6 Bxc6 12. Qxd6 Nxe4 13. Nxe4 Bxe4 14. Qd1 Qc7
15. c3 Rab8 16. Qd2 Bxf3 17. gxf3 Rfe8 18. f4 exf4 19. Bxf4 d6 20. Bxd6 Qd7 21.
Kh2 Re6 22. Rad1 Rd8 23. Bf4 Qxd2 24. Bxd2 Rb6 25. Be3 Rbd6 26. Rxd6 Rxd6 27.
Bxa7 Rd2 28. b4 Ra2 29. Bd4 f6 30. Kg3 Rxa3 31. Re1 Kf7 32. h4 a5 33. bxa5 Rxa5
34. Rb1 Kg6 35. Rb6 h5 36. Be3 Ra4 37. Rb4 Ra1 38. Kg2 Ra3 39. c4 Rc3 40. c5 Kf5
41. Kf3 g5 42. hxg5 fxg5 43. Rb1 Rc4 44. Rc1 Ra4 45. c6 Ra8 46. c7 Rc8 47. Rc5+
Ke6 48. Bxg5 Kd6 49. Rc1 Kd7 50. Kg3 Rxc7 51. Rxc7+ Kxc7 52. Kh4 Kb7 53. Kxh5
{Black resigns} 1-0  aics%

[Event "Team 45 45 League T29"]
[Site "Internet Chess Club"]
[Date "2006.01.27"]
[Round "6"]
[White "Tomate"]
[Black "chevalpnh"]
[Result "1-0"]
[WhiteElo "1490"]
[BlackElo "1443"]
[TimeControl "2700+45"]

1. c4 c6 2. Nf3 d5 3. b3 Nf6 4. Bb2 e6 5. g3 Be7 6. Bg2 Nbd7 7. O-O O-O 8. Qc2
h6 9. Re1 b6 10. d3 Bb7 11. e4 dxe4 12. dxe4 Bc5 13. h3 Qc7 14. Bd4 Bxd4 15.
Nxd4 c5 16. Nf3 e5 17. Nc3 a6 18. Nh4 Ne8 19. Nf5 Ndf6 20. Nd5 Nxd5 21. exd5 Bc8
22. d6 Nxd6 23. Nxd6 Qxd6 24. Bxa8 Bxh3 25. Bg2 Bxg2 26. Kxg2 Qc6+ 27. Kg1 f6
28. Rad1 h5 29. Qg6 Qf3 30. Rd7 Qc3 31. Qxg7# {Black checkmated} 1-0  aics%

[Event "Team 45 45 League T29"]
[Site "Internet Chess Club"]
[Date "2006.01.30"]
[Round "6"]
[White "LaskerFan"]
[Black "moreffee"]
[Result "1-0"]
[WhiteElo "1308"]
[BlackElo "1324"]
[TimeControl "2700+45"]

1. Nf3 d6 2. b3 e5 3. g3 Nf6 4. Bg2 Be7 5. O-O Nc6 6. c4 Bg4 7. h3 Bf5 8. Nh4
Bd7 9. e3 Qc8 10. Kh2 h6 11. Nf3 Nh7 12. Bb2 Nb4 13. d4 Bf5 14. Ne1 e4 15. a3
Nc6 16. f3 exf3 17. Qxf3 Bg6 18. h4 Bf6 19. Bh3 Qd8 20. Nc3 Qe7 21. Ng2 O-O 22.
Nf4 Bc2 23. b4 Bb3 24. Nfd5 Qd8 25. Qe2 Ne7 26. Bg2 Ng6 27. c5 c6 28. Nf4 d5 29.
Nd3 Qc7 30. a4 Bxh4 31. Rf3 Ng5 32. Raf1 Nxf3+ 33. Qxf3 Bf6 34. b5 Nh4 35. Qg4
Ng6 36. e4 Bxd4 37. exd5 Bf6 38. Rxf6 gxf6 39. Ne4 Rfd8 40. d6 Qc8 41. Nxf6+ Kf8
42. d7 Qc7 43. Nh7+ Kg8 44. Qd4 f6 45. Nxf6+ Kf7 46. Nh5 Qxd7 47. Qg7+ Ke6 48.
Qf6# {Black checkmated} 1-0  aics%

[Event "Team 45 45 League T29"]
[Site "Internet Chess Club"]
[Date "2006.01.30"]
[Round "6"]
[White "Dalcon"]
[Black "JimGaming"]
[Result "0-1"]
[WhiteElo "1229"]
[BlackElo "1284"]
[TimeControl "2700+45"]

1. e4 e5 2. Nf3 Nc6 3. Bb5 Nf6 4. Nc3 Bc5 5. O-O O-O 6. d3 d6 7. Na4 Nd4 8. Nxc5
dxc5 9. c3 Nxb5 10. Nxe5 Qe7 11. Nf3 c6 12. Be3 Bg4 13. h3 Bxf3 14. Qxf3 Nd7 15.
Qg3 Ne5 16. Bh6 f6 17. Rad1 Kh8 18. Be3 g5 19. f4 Nf7 20. f5 b6 21. a4 Nbd6 22.
c4 h6 23. Bd2 a5 24. Rfe1 Ne5 25. Bc3 Rae8 26. b3 Qg7 27. d4 cxd4 28. Bxd4 Ndxc4
29. bxc4 Nxc4 30. Bc3 Ne5 31. Rd6 Qc7 32. Red1 Nc4 33. Bxf6+ Rxf6 34. h4 Rxd6
35. Qc3+ Ne5 36. Rxd6 Qxd6 37. hxg5 Qc5+ {White resigns} 0-1  aics%

[Event "Team 45 45 League T29"]
[Site "Internet Chess Club"]
[Date "2006.01.29"]
[Round "6"]
[White "Hastings"]
[Black "GLuft"]
[Result "1-0"]
[WhiteElo "1247"]
[BlackElo "1162"]
[TimeControl "2700+45"]

1. e4 e6 2. d4 d5 3. e5 c5 4. c3 Qb6 5. Nf3 Nc6 6. Bd3 cxd4 7. cxd4 Nxd4 8. Nxd4
Qxd4 9. Bb5+ Bd7 10. Bxd7+ Kxd7 11. Qxd4 Rc8 12. O-O Ne7 13. Bd2 Nc6 14. Qa4 Bc5
15. Nc3 a6 16. Rac1 Ra8 17. Nxd5 exd5 18. Rxc5 b5 19. Qg4+ {Black resigns} 1-0 
aics%

[Event "Team 45 45 League T29"]
[Site "Internet Chess Club"]
[Date "2006.01.30"]
[Round "6"]
[White "gravitydk"]
[Black "MrLee"]
[Result "0-1"]
[WhiteElo "1751"]
[BlackElo "1707"]
[TimeControl "2700+45"]

1. e4 c5 2. Nf3 Nc6 3. d4 cxd4 4. Nxd4 g6 5. Be2 Bg7 6. Be3 Nf6 7. Nxc6 bxc6 8.
Nc3 O-O 9. e5 Ne8 10. f4 d6 11. exd6 exd6 12. Bd4 Nf6 13. O-O Be6 14. Bf3 d5 15.
Na4 Re8 16. Nc5 Bf5 17. c3 Ne4 18. Nxe4 dxe4 19. Bxg7 Kxg7 20. Be2 Qb6+ 21. Qd4+
Qxd4+ 22. cxd4 Rab8 23. b3 e3 24. Rac1 Be4 25. Rc3 Bd5 26. Bc4 Re4 27. Bxd5 cxd5
28. g3 Kf6 29. Re1 Rbe8 30. Kf1 R8e6 31. Ke2 h5 32. Rd1 h4 33. Rdd3 Ra6 34. a4
hxg3 35. hxg3 Rb6 36. Rxe3 Rxd4 37. Red3 Re4+ 38. Kf3 Ke6 39. Re3 f5 40. g4 d4
{White resigns} 0-1  aics%

[Event "Team 45 45 League T29"]
[Site "Internet Chess Club"]
[Date "2006.01.30"]
[Round "6"]
[White "smitty120"]
[Black "caalan"]
[Result "0-1"]
[WhiteElo "1711"]
[BlackElo "1556"]
[TimeControl "2700+45"]

1. e4 c6 2. Nf3 d5 3. Nc3 dxe4 4. Nxe4 Bf5 5. Ng3 Bg6 6. d4 Nd7 7. h4 h6 8. Be3
Ngf6 9. Bd3 Bxd3 10. Qxd3 e6 11. O-O-O Qa5 12. Kb1 Bd6 13. Bd2 Qc7 14. Ne4 Nxe4
15. Qxe4 Nf6 16. Qe2 O-O-O 17. Ne5 Rhe8 18. f4 Bf8 19. c3 h5 20. g4 hxg4 21.
Nxg4 Nh5 22. Ne5 Ng3 23. Qg4 Nxh1 24. Rxh1 Kb8 25. f5 exf5 26. Qxf5 Rxe5 27.
dxe5 Rxd2 28. e6 Qd6 29. Kc1 fxe6 30. Qf7 Be7 31. Qxg7 Qd3 32. Qe5+ Ka8 33. Qh8+
Bd8 34. Qh7 Qxh7 35. Kxd2 Bg5+ 36. Ke2 Qe4+ {White resigns} 0-1  aics%

[Event "Team 45 45 League T29"]
[Site "Internet Chess Club"]
[Date "2006.01.28"]
[Round "6"]
[White "Klowe"]
[Black "BorgCollective"]
[Result "0-1"]
[WhiteElo "1517"]
[BlackElo "1517"]
[TimeControl "2700+45"]

1. e4 d5 2. exd5 Nf6 3. Bc4 Nxd5 4. d3 Nb6 5. Bb3 Nc6 6. Nf3 Bg4 7. Bxf7+ Kd7 8.
h3 Bxf3 9. Qxf3 e6 10. Qe4 Qf6 11. Bh5 Bc5 12. Bf3 Nd4 13. Kd1 Nxf3 14. gxf3 Nd5
15. c4 Nb4 16. Be3 Bxe3 17. Qxe3 Qxb2 18. Re1 Qc2# {White checkmated} 0-1  aics%

[Event "Team 45 45 League T29"]
[Site "Internet Chess Club"]
[Date "2006.01.30"]
[Round "6"]
[White "stan194803"]
[Black "Trixi"]
[Result "1-0"]
[WhiteElo "1441"]
[BlackElo "1458"]
[TimeControl "2700+45"]

1. e4 e5 2. Nf3 Nc6 3. d4 exd4 4. Nxd4 Nf6 5. Bg5 d6 6. Bb5 Bd7 7. Nxc6 Bxc6 8.
Bd3 g6 9. O-O Bg7 10. Nc3 O-O 11. Rb1 Qe7 12. Re1 Qe5 13. Bh4 Rae8 14. Bg3 Qd4
15. Ne2 Qc5 16. Bf4 Nxe4 17. Be3 Qe5 18. Bd4 Qg5 19. Bxg7 Kxg7 20. Bxe4 Bxe4 21.
Ng3 Bc6 22. Qd4+ f6 23. Rxe8 Rxe8 24. Qxa7 Qd5 25. f3 Qd4+ 26. Qxd4 {Black
resigns} 1-0  aics%

[Event "Team 45 45 League T29"]
[Site "Internet Chess Club"]
[Date "2006.01.30"]
[Round "6"]
[White "martineden"]
[Black "calily"]
[Result "1-0"]
[WhiteElo "1790"]
[BlackElo "1616"]
[TimeControl "2700+45"]

1. d4 Nf6 2. c4 e6 3. g3 d5 4. Bg2 c6 5. Qc2 Bb4+ 6. Bd2 Bxd2+ 7. Nxd2 Nbd7 8.
Ngf3 O-O 9. O-O Re8 10. e3 dxc4 11. Nxc4 Nb6 12. Nfe5 Nfd5 13. a3 f6 14. Nd3
Nxc4 15. Qxc4 Qc7 16. b4 Bd7 17. Rfc1 Rac8 18. a4 Nb6 19. Qb3 Nd5 20. a5 Kh8 21.
b5 Qd6 22. b6 axb6 23. axb6 Ra8 24. Nc5 Rxa1 25. Rxa1 Bc8 26. Ra8 e5 27. Nxb7
Qb4 28. Qxb4 Nxb4 29. Nd6 exd4 30. b7 {Black resigns} 1-0  aics%

[Event "Team 45 45 League T29"]
[Site "Internet Chess Club"]
[Date "2006.01.27"]
[Round "6"]
[White "egd01"]
[Black "jmoffitt"]
[Result "1-0"]
[WhiteElo "1546"]
[BlackElo "1583"]
[TimeControl "2700+45"]

1. e4 c5 2. Nf3 d6 3. d4 cxd4 4. Nxd4 Nf6 5. Nc3 g6 6. Be3 Bg7 7. Bc4 O-O 8. Qd2
Ng4 9. O-O-O Nxe3 10. Qxe3 Nc6 11. Nxc6 bxc6 12. h4 h5 13. f3 Qa5 14. g4 Rb8 15.
Bb3 Be6 16. gxh5 Bxb3 17. cxb3 Qxh5 18. Kb1 Bh6 19. Qxa7 Rfe8 20. Qf2 c5 21. f4
Rb4 22. f5 c4 23. fxg6 fxg6 24. Nd5 Rb7 25. Rhg1 Kh8 26. Qf7 Rf8 27. Qe6 cxb3
28. Nxe7 bxa2+ 29. Ka1 Rxe7 30. Qxe7 Rb8 31. Rxd6 Bf8 32. Rd8 Rxd8 33. Qxd8 Qc5
34. Rf1 Qc7 {Black resigns} 1-0  aics%

[Event "Team 45 45 League T29"]
[Site "Internet Chess Club"]
[Date "2006.01.29"]
[Round "6"]
[White "Fineas-Fogg"]
[Black "mambomex"]
[Result "0-1"]
[WhiteElo "1474"]
[BlackElo "1630"]
[TimeControl "2700+45"]

1. e4 e5 2. Nf3 Nc6 3. Bb5 a6 4. Ba4 Nf6 5. O-O Be7 6. Re1 b5 7. Bb3 d6 8. c3
O-O 9. Bc2 Bb7 10. d4 exd4 11. cxd4 Re8 12. Nc3 Nb4 13. d5 Nxc2 14. Qxc2 Qd7 15.
a3 Rac8 16. Be3 Ng4 17. Bf4 c6 18. h3 Nf6 19. e5 Nxd5 20. exd6 Nxf4 21. dxe7
Rxe7 22. Rxe7 Qxe7 23. Re1 Qf6 24. Ne4 Qg6 25. Nh4 Nxh3+ 26. Kh2 Qg4 27. gxh3
Qxh4 28. Nd6 Qf4+ {White resigns} 0-1  aics%

[Event "Team 45 45 League T29"]
[Site "Internet Chess Club"]
[Date "2006.01.29"]
[Round "6"]
[White "arriero55"]
[Black "klassact"]
[Result "1-0"]
[WhiteElo "1527"]
[BlackElo "1297"]
[TimeControl "2700+45"]

1. e4 e5 2. Nf3 Nc6 3. Bb5 Bc5 4. O-O Nd4 5. Nxd4 Bxd4 6. c3 Bb6 7. d4 c6 8. Bc4
d5 9. exd5 cxd5 10. Bb5+ Bd7 11. Bxd7+ Qxd7 12. dxe5 Ne7 13. Nd2 O-O 14. Re1
Rfe8 15. Qh5 Qe6 16. Nf3 Qf5 17. Qxf5 Nxf5 18. Rd1 Rad8 19. a4 Bc7 20. Bg5 Rd7
21. Nd4 Ne7 22. e6 fxe6 23. Nxe6 Bb6 24. a5 Bd8 25. Re1 h6 26. Nxd8 hxg5 27. Ne6
Nc6 28. Nxg5 Rxe1+ 29. Rxe1 g6 30. a6 b6 31. Re6 {Black resigns} 1-0  aics%

[Event "Team 45 45 League T29"]
[Site "Internet Chess Club"]
[Date "2006.01.29"]
[Round "6"]
[White "EyeAm"]
[Black "sdcohle"]
[Result "1/2-1/2"]
[WhiteElo "1370"]
[BlackElo "1388"]
[TimeControl "2700+45"]

1. e4 e5 2. Nf3 Nc6 3. Bc4 h6 4. d4 exd4 5. Nxd4 Ne5 6. Bd3 Nf6 7. O-O Be7 8. h3
b6 9. Nf5 O-O 10. Bf4 Nxd3 11. cxd3 d6 12. Nxe7+ Qxe7 13. Re1 Nd7 14. Nc3 Bb7
15. Nd5 Bxd5 16. exd5 Qf6 17. Qd2 Qf5 18. Rac1 Rac8 19. b3 Qxd5 20. Re7 Nc5 21.
d4 Ne6 22. Be3 Qf5 23. Rd7 Rfd8 24. Rxd8+ Nxd8 25. Bf4 Ne6 26. Bxd6 Nxd4 27.
Qxd4 cxd6 28. Rxc8+ Qxc8 29. Qxd6 {Game drawn by mutual agreement} 1/2-1/2 
aics%

[Event "Team 45 45 League T29"]
[Site "Internet Chess Club"]
[Date "2006.01.28"]
[Round "6"]
[White "gatoruss"]
[Black "houseofcook"]
[Result "0-1"]
[WhiteElo "1258"]
[BlackElo "1361"]
[TimeControl "2700+45"]

1. d4 Nf6 2. c4 d5 3. Nc3 e6 4. cxd5 exd5 5. Bg5 Be7 6. e3 O-O 7. Bd3 Nbd7 8.
Nge2 h6 9. Bxf6 Nxf6 10. O-O c6 11. Qc2 c5 12. dxc5 Bxc5 13. Rad1 g6 14. Nxd5
Bd6 15. Bxg6 Nxd5 16. Rxd5 Bxh2+ 17. Kxh2 Qxd5 18. Nf4 Qe5 19. Rh1 fxg6 20.
Qxg6+ Qg7 21. Qxg7+ Kxg7 22. Kg1 Rf5 23. Nh5+ Kg6 24. Nf4+ Kh7 25. g4 Rg5 26. f3
Bd7 27. Nh3 Rc5 28. Kf2 Rf8 29. b4 Rd5 30. e4 Rd2+ 31. Kg3 Rg8 32. g5 Rxa2
{White resigns} 0-1  aics%

[Event "Team 45 45 League T29"]
[Site "Internet Chess Club"]
[Date "2006.01.26"]
[Round "6"]
[White "arconia"]
[Black "Mila-Reina"]
[Result "1-0"]
[WhiteElo "1344"]
[BlackElo "1313"]
[TimeControl "2700+45"]

1. e4 e5 2. c4 Nf6 3. Nc3 d6 4. Be2 Nc6 5. Nf3 Be7 6. O-O O-O 7. b3 b6 8. Bb2 a6
9. Qc2 Nb4 10. Qb1 Bb7 11. a3 Nc6 12. Nd5 Nxd5 13. exd5 Nb8 14. d4 Bf6 15. dxe5
dxe5 16. Bd3 g6 17. Nxe5 Bxe5 18. Bxe5 Re8 19. f4 Nd7 20. Bb2 Nc5 21. f5 Nxd3
22. Qxd3 Qd6 23. fxg6 fxg6 24. Qc3 Qc5+ 25. Kh1 Qg1+ 26. Rxg1 Kf7 27. Qg7#
{Black checkmated} 1-0  aics%

[Event "Team 45 45 League T29"]
[Site "Internet Chess Club"]
[Date "2006.01.29"]
[Round "6"]
[White "Havoc"]
[Black "PassTheGuard"]
[Result "0-1"]
[WhiteElo "1273"]
[BlackElo "1185"]
[TimeControl "2700+45"]

1. e4 c5 2. Nf3 e6 3. d4 Be7 4. Be3 cxd4 5. Nxd4 Nc6 6. c3 Nf6 7. Bd3 Ne5 8. Bc2
O-O 9. Qd2 Nc4 10. Qd3 Ne5 11. Qe2 a6 12. Nd2 d6 13. O-O-O Bd7 14. h3 Qa5 15.
Kb1 Rfc8 16. N2b3 Qd8 17. g4 Nc6 18. f4 e5 19. fxe5 Nxe5 20. g5 Ne8 21. Nf5 Bxg5
22. Bxg5 Qxg5 23. Rhg1 Qf6 24. Rdf1 Qd8 25. Rg3 g6 26. Nh6+ Kg7 27. Qe3 Be6 28.
Nd4 Nc4 29. Nxe6+ fxe6 30. Qd3 Ne5 31. Qe2 Kxh6 32. Qe3+ Kg7 33. Qg1 Nf6 34. Rg5
Nfd7 35. Qg3 h6 36. Rxe5 Nxe5 37. Rg1 Qg5 38. Qf2 Qf6 39. Qb6 Rab8 40. Qxd6 Rd8
41. Qc5 Rd7 42. Bd1 Rbd8 43. Bc2 h5 44. Kc1 Qf4+ 45. Kb1 Nd3 46. Bxd3 Rxd3 47.
Qe7+ Qf7 48. Qxd8 Rxd8 49. Re1 e5 50. b3 Qf2 51. Rc1 Qe3 52. Kb2 Qxe4 53. a4
Qg2+ 54. Rc2 Qxh3 55. b4 e4 56. Re2 Qf3 57. Rc2 e3 58. Kb3 e2 59. Rc1 Rd1 {White
resigns} 0-1  aics%

[Event "Team 45 45 League T29"]
[Site "Internet Chess Club"]
[Date "2006.01.27"]
[Round "6"]
[White "Traho"]
[Black "engeln"]
[Result "1-0"]
[WhiteElo "1273"]
[BlackElo "1378"]
[TimeControl "2700+45"]

1. e4 e5 2. Nf3 Nc6 3. Bb5 d6 4. O-O Bd7 5. Re1 Nf6 6. c3 d5 7. d3 Bd6 8. Bg5
dxe4 9. dxe4 Qe7 10. Nbd2 a6 11. Ba4 O-O-O 12. Nc4 h6 13. Nxd6+ cxd6 14. Be3 g5
15. Bb3 g4 16. Nd2 h5 17. g3 h4 18. Rf1 hxg3 19. fxg3 Be6 20. Bg5 d5 21. Bxf6
Qc5+ 22. Kh1 Rxh2+ 23. Kxh2 Rg8 24. Qe1 Rg6 25. exd5 Bxd5 26. Bxd5 Qxd5 27. Bh4
Rd6 28. Nb3 Qc4 29. Rd1 Rh6 30. Qd2 Qe6 31. Nc5 Qe8 32. Rf6 Rh8 33. Qd7+ Qxd7
34. Rxd7 Nd8 35. Kg2 Re8 36. Rd3 Kb8 37. Re3 Ka7 38. Nd3 Nc6 39. Re4 Rd8 40. Nf2
Rd2 41. Rxf7 Rxb2 42. Rg7 Rxa2 43. Rgxg4 Ra3 44. Re3 b5 45. Rge4 a5 46. Bf6 b4
47. cxb4 axb4 48. Rxa3+ bxa3 49. Ra4+ Kb6 50. Rxa3 Kb5 {Black resigns} 1-0 
aics%

[Event "Team 45 45 League T29"]
[Site "Internet Chess Club"]
[Date "2006.01.29"]
[Round "6"]
[White "Midwest-Rook"]
[Black "SandiaCaveMan"]
[Result "1-0"]
[WhiteElo "1284"]
[BlackElo "1414"]
[TimeControl "2700+45"]

1. e4 c5 2. Nc3 Nc6 3. g3 e5 4. Bg2 d6 5. d3 Be7 6. Nf3 Bg4 7. Be3 Nf6 8. Qd2 h6
9. h3 Be6 10. a3 Qd7 11. Ne2 b6 12. g4 g5 13. Ng3 d5 14. exd5 Bxd5 15. Nf5 O-O-O
16. Nxe7+ Qxe7 17. c4 Bxc4 18. Bf1 e4 19. Qc3 exd3 20. Qxc4 d2+ 21. Nxd2 Rxd2
22. Kxd2 Rd8+ 23. Kc2 Ne4 24. Bg2 Nd4+ 25. Bxd4 Rxd4 26. Qa6+ Kb8 27. Bxe4 Qxe4+
28. Kb3 Qd5+ 29. Kc3 Qf3+ 30. Kc2 Qd3+ 31. Qxd3 {Black resigns} 1-0  aics%

[Event "Team 45 45 League T29"]
[Site "Internet Chess Club"]
[Date "2006.01.30"]
[Round "6"]
[White "littleboo"]
[Black "WannaB"]
[Result "1-0"]
[WhiteElo "1217"]
[BlackElo "1036"]
[TimeControl "2700+45"]

1. e4 c5 2. Nf3 d6 3. Nc3 e5 4. Bc4 Be6 5. d3 Bxc4 6. dxc4 Be7 7. O-O Nf6 8. Bg5
O-O 9. Bxf6 Bxf6 10. Qd5 Nc6 11. Rab1 Qd7 12. Nb5 Qe6 13. Nxd6 Qxd5 14. cxd5 Nd4
15. Nxb7 Nxf3+ 16. gxf3 Rac8 17. Rfd1 c4 18. Nd6 c3 19. Nxc8 Rxc8 20. bxc3 Kf8
21. Rd3 Ke8 22. Rb7 a5 23. d6 Rd8 24. c4 Rd7 25. Rxd7 Kxd7 26. Kf1 g6 27. c5 Kc6
28. d7 Kc7 29. Ke2 Bd8 30. Rd6 Be7 31. Rd5 f6 32. Ke3 Bd8 33. f4 exf4+ 34. Kxf4
Kc6 35. Ke3 f5 36. Rd6+ Kxc5 37. e5 Bg5+ 38. Kd3 Bd8 39. Ra6 Kd5 40. Ra8 Be7 41.
Re8 Bg5 42. d8=Q+ Bxd8 43. c4+ Kc5 44. Rxd8 f4 45. e6 Kc6 46. e7 {Black resigns}
1-0  aics%

[Event "Team 45 45 League T29"]
[Site "Internet Chess Club"]
[Date "2006.01.26"]
[Round "6"]
[White "rpgrossman"]
[Black "vhuffst"]
[Result "0-1"]
[WhiteElo "1043"]
[BlackElo "1297"]
[TimeControl "2700+45"]

1. e4 e5 2. Nf3 Nc6 3. g3 Nf6 4. Nc3 Bc5 5. Qe2 O-O 6. Bg2 d5 7. d3 Nd4 8. Nxd4
exd4 9. Nxd5 Nxd5 10. exd5 Re8 11. Be4 f5 12. f3 Bb4+ 13. Bd2 Bxd2+ 14. Qxd2
Qxd5 15. O-O-O fxe4 16. Rhe1 Qxa2 17. Qf4 e3 18. c3 c5 19. cxd4 cxd4 20. Qxd4 e2
21. Rxe2 Rxe2 22. Qd8+ Kf7 23. Qc7+ Bd7 24. Qxd7+ Kg8 25. Rd2 Re1+ 26. Kc2 Rae8
27. Rd1 R1e2+ 28. Rd2 Rxd2+ 29. Kxd2 Qxb2+ 30. Kd1 Qb1+ 31. Kd2 Qb2+ 32. Kd1
Qb3+ 33. Kd2 Qb4+ 34. Kd1 Re1+ 35. Kc2 Re2+ 36. Kd1 Qe1# {White checkmated} 0-1 
aics%

[Event "Team 45 45 League T29"]
[Site "Internet Chess Club"]
[Date "2006.01.27"]
[Round "6"]
[White "gule"]
[Black "Zarek"]
[Result "1/2-1/2"]
[WhiteElo "1850"]
[BlackElo "1785"]
[TimeControl "2700+45"]

1. d4 Nf6 2. c4 g6 3. Nc3 d5 4. Bg5 Ne4 5. Nxe4 dxe4 6. e3 Bg7 7. Qc2 Bf5 8. Ne2
h6 9. Bh4 g5 10. Bg3 Bg6 11. Nc3 f5 12. Nd5 Na6 13. O-O-O e6 14. Qb3 exd5 15.
Qxb7 Qc8 16. Qc6+ Kf7 17. Qxd5+ Qe6 18. Qxe6+ Kxe6 19. c5 Nb4 20. a3 Nd5 21. Bc4
c6 22. Bxd5+ Kxd5 23. Bc7 Bf6 24. Kc2 Bd8 25. Be5 Rh7 26. b4 Rb7 27. Kc3 a5 28.
Ra1 axb4+ 29. axb4 Rba7 30. Rab1 Ra2 31. Rb2 R8a3+ 32. Kc2 Kc4 33. Rb1 Bh5 34.
Bg7 Be2 35. Rxa2 Rxa2+ 36. Rb2 Rxb2+ 37. Kxb2 Kxb4 38. Bxh6 g4 39. Kc2 Bf1 40.
g3 Kc4 41. Kd1 Kd3 42. Bf4 Be2+ 43. Kc1 Kc4 44. Kd2 Bd3 45. Kd1 Ba5 46. Bd6 Bb4
47. Be5 Bf1 48. Kc2 Be1 49. Kd1 Bxf2 50. Kd2 Bd3 51. Bf4 Kb4 52. Bg5 Bc4 53. Bf4
Kb3 54. Bg5 Bg1 55. Bf4 Bxh2 56. Be5 Bg1 57. Bf4 Bf2 58. Be5 Bd5 59. Bf4 Kb2 60.
Be5 Kb1 61. Bf4 Kb2 62. Be5 Ka3 63. Bf4 Kb4 64. Ke2 Bg1 65. Kf1 Bxe3 66. Bxe3
Kc3 67. Ke1 Kd3 68. Bf4 Kxd4 69. Bd6 Ke3 70. Bf4+ Kf3 71. Bd6 Bc4 72. Bf4 e3 73.
Bd6 e2 74. Bf4 Bd3 75. Bd6 Kg2 76. Bf4 Bb5 77. Be5 Bc4 78. Bf4 Kf3 79. Bd6 f4
80. Bxf4 Bb5 {Game drawn by mutual agreement} 1/2-1/2  aics%